 Dungeon Crawl Stone Soup version 0.30-a0-737-gf23d94013f (webtiles) character file.

Game seed: 2556852352299393836

63 bmack86 the Covered (level 3, -6/33 HPs)
             Began as a Minotaur Fighter on Feb 3, 2023.
             Killed by nerve-wracking pain
             ... invoked by Grinder
              (14 damage)
             ... on level 3 of the Dungeon.
             The game lasted 00:07:12 (1368 turns).

bmack86 the Covered (Minotaur Fighter)              Turns: 1368, Time: 00:07:12

Health: -6/33      AC:  7    Str: 22    XL:     3   Next: 87%
Magic:  2/2        EV:  9    Int:  5    God:
Gold:   65         SH:  4    Dex:  9    Spells: 2/2 levels left

rFire   . . .      SeeInvis .    a - +0 war axe
rCold   . . .      Faith    .    c - +0 buckler
rNeg    . . .      Spirit   .    b - +0 scale mail
rPois   .          Reflect  .    (helmet restricted)
rElec   .          Harm     .    (no cloak)
rCorr   .          Rampage  .    (no gloves)
Will    .....                    (no boots) Stlth
                                 (no amulet)
HPRegen 0.25/turn                (no ring)
MPRegen 0.08/turn                (no ring)

@: no status effects
A: horns 2, retaliatory headbutt
a: no special abilities


You were on level 3 of the Dungeon.
You visited 1 branch of the dungeon, and saw 3 of its levels.

You collected 65 gold pieces.

Inventory:

Hand Weapons
 a - a +0 war axe (weapon)
Missiles
 o - 3 boomerangs (quivered)
 p - 2 poisoned darts
Armour
 b - a +0 scale mail (worn)
 c - a +0 buckler (worn)
Jewellery
 e - a ring of wizardry
Wands
 q - a wand of light (8)
Scrolls
 f - a scroll of teleportation
 g - a scroll of magic mapping
 h - a scroll of immolation {unknown}
 m - a scroll of fog {unknown}
Potions
 d - 2 potions of might
 i - a potion of berserk rage
 j - a potion of curing
 k - a potion of degeneration {unknown}
 l - a potion of resistance {unknown}
 n - a potion of attraction {unknown}


   Skills:
 + Level 4.1 Fighting
 * Level 3.7 Axes
 + Level 0.1 Throwing
 + Level 4.1 Armour
 + Level 4.1 Shields


You had 2 spell levels left.
You didn't know any spells.
Your spell library was empty.

Dungeon Overview and Level Annotations

Branches:
Dungeon (3/15)

Altars:
Ashenzari

Annotations:
D:3 Grinder


Innate Abilities, Weirdness & Mutations

You have a pair of horns on your head.
You reflexively headbutt those who attack you in melee.


Message History

a +0 dagger; a goblin skeleton
There is an escape hatch in the floor here.
There is a stone staircase leading up here.
Done exploring.
There is a stone staircase leading down here.
As you read the scroll of identify, it crumbles to dust.
i - a potion of berserk rage
As you read the scroll of identify, it crumbles to dust.
j - a potion of curing You climb downwards.
Found a yellow potion, a scroll of identify and a bubbling dark potion.
Found a stone staircase leading up and a stone staircase leading down.
There is a stone staircase leading up here.
n - a yellow potion Grinder comes into view.
Grinder shouts!
Grinder closely misses you. You furiously retaliate!
You headbutt Grinder. You closely miss Grinder. Your headbutt misses Grinder.
Grinder is lightly wounded.
Grinder hits you but does no damage.
You barely miss Grinder.
Grinder is lightly wounded.
Grinder hits you!
You hit Grinder but do no damage.
Grinder is lightly wounded.
You block Grinder's attack.
You barely miss Grinder.
Grinder is lightly wounded.
Grinder barely misses you. Grinder hits you but does no damage.
You slash Grinder!
Grinder is moderately wounded.
Grinder hits you!
You writhe in agony.
You hit Grinder.
Grinder is moderately wounded.
Grinder hits you.
You writhe in agony.
* * * LOW HITPOINT WARNING * * *
Grinder blinks!
Grinder gestures at you. Pain shoots through your body!
You die...

### # #5. .#
#. #.# .>. #!
#####.##
#...#.##..
...
......#.###.#
#......#@#
#........#
##.#<#.###
###.#.# #.#.#
<.#.# ###..
###


You could see Grinder.

Vanquished Creatures
  An adder (D:2)
  A worm (D:2)
  A dart slug (D:2)
  5 ball pythons
  7 endoplasms
  3 giant cockroaches
  5 goblins
  A hobgoblin (D:2)
  3 jackals (D:1)
  4 kobolds
  2 quokkas
  7 bats
  3 frilled lizards
  3 rats
46 creatures vanquished.

Vanquished Creatures (others)
  6 withered plants (D:2)
6 creatures vanquished.

Grand Total: 52 creatures vanquished

Notes
Turn   | Place    | Note
-------+----------+-------------------------------------------
     0 | D:1      | bmack86 the Minotaur Fighter began the quest for the Orb.
     0 | D:1      | Reached XP level 1. HP: 19/19 MP: 0/0
   123 | D:1      | Reached XP level 2. HP: 27/27 MP: 1/1
   585 | D:2      | Reached XP level 3. HP: 29/33 MP: 2/2
   744 | D:2      | Found a faded altar of an unknown god.
   756 | D:2      | Found a broken altar of Ashenzari.
  1360 | D:3      | Noticed Grinder
  1368 | D:3      | Killed from afar by Grinder

Illustrated notes

Levels and vault maps discovered:
D:1:      dpeg_arrival_tiny_g, layout_basic
D:2:      minmay_door_path, layout_loops_ring, basic_altar,
          ebering_ecumenical_altar_petrified
D:3:      layout_loops_ring, uniq_grinder, uniq_jessica, uniq_ijyb, uniq_sigmund

Skill      XL: |  1  2 |
---------------+-------+-----
Axes           | 3 |  3.7
Fighting       | 4 |  4.1
Armour         | 4 |  4.1
Shields        | 4 |  4.1
Throwing       | |  0.1

Action                     || total
---------------------------++-------
  Melee: War axe           ||    78
         Headbutt          ||    12
  Throw: Boomerang         ||     3
    Use: Scroll            ||     4
 Armour: Scale mail        ||    37
  Dodge: Dodged            ||    41
  Block: Buckler           ||    22

Table legend: (Time is in decaauts)
 A = Elapsed time spent in this place.
 B = Non-inter-level travel time spent in this place.
 C = Inter-level travel time spent in this place.
 D = Time resting spent in this place.
 E = Time spent auto-exploring this place.
 F = Levels seen in this place.
 G = Mean time per level.
                   A        B        C        D        E       F      G
               +--------+--------+--------+--------+--------+-----+--------+
         Total |   1399 |   1380 |     19 |      0 |    906 |   3 |  466.3 |
       Dungeon |   1399 |   1380 |     19 |      0 |    906 |   3 |  466.3 |
               +--------+--------+--------+--------+--------+-----+--------+

Top non-repeatable levels by time:
     D:2: 792 daAuts
     D:1: 589 daAuts
     D:3: 17 daAuts
